 Dungeon Crawl Stone Soup version 0.27-a0-46-g34d46f0a3f (webtiles) character file.

Game seed: 4757540218429102065

54 Borgoz the Skirmisher (level 3, 0/31 HPs)
             Began as a Ghoul Monk on Jan 6, 2021.
             Slain by Edmund
             ... wielding a +5 vorpal flail
              (2 damage)
             ... on level 4 of the Dungeon.
             The game lasted 00:02:03 (1667 turns).

Borgoz the Skirmisher (Ghoul Monk)                  Turns: 1667, Time: 00:02:03

Health: 0/31       AC:  5    Str: 14    XL:     3   Next: 91%
Magic:  2/2        EV: 11    Int:  5    God:
Gold:   68         SH:  0    Dex: 12    Spells: 2/2 levels left

rFire    . . .     SeeInvis .   a - +0 falchion
rCold    + . .     Faith    .   (no shield)
rNeg     + + +     Spirit   .   h - +0 ring mail
rPois    ∞         Reflect  .   (no helmet)
rElec    .         Harm     .   n - scarf {repulsion}
rCorr    .         Rampage  .   (no gloves)
Will     .....                  (no boots)
Stlth    +.........             (no amulet)
HPRegen  0.00/turn              (no ring)
MPRegen  0.08/turn              (no ring)

@: mighty, repel missiles
A: claws 1, cold resistance 1, negative energy resistance 3, inhibited
regeneration, torment resistance, unbreathing
a: no special abilities


You were on level 4 of the Dungeon.
You visited 1 branch of the dungeon, and saw 4 of its levels.

You collected 68 gold pieces.

Inventory:

Hand Weapons
 a - a +0 falchion (weapon)
Armour
 h - a +0 ring mail (worn)
 n - a scarf of repulsion (worn)
Scrolls
 c - 2 scrolls of teleportation
 i - a scroll of fog {unknown}
 j - 2 scrolls of fear {unknown}
 l - a scroll of enchant armour {unknown}
 m - a scroll of enchant weapon {unknown}
Potions
 b - a potion of heal wounds
 f - a potion of curing


   Skills:
 + Level 3.6 Fighting
 * Level 3.3 Long Blades
 + Level 1.0 Armour
 * Level 3.2 Dodging
 - Level 2.1 Stealth


You had 2 spell levels left.
You didn't know any spells.
Your spell library contained the following spells:

 Spells                   Type           Power        Failure   Level
 Magic Dart               Conj           0%           73%         1
 Searing Ray              Conj           0%           86%         2
 Dazzling Flash           Conj/Hex       0%           97%         3
 Fulminant Prism          Conj/Hex       0%           100%        4
 Iskenderun's Mystic Bla  Conj/Tloc      0%           100%        4


Dungeon Overview and Level Annotations

Branches:
Dungeon (4/15)
 Temple: D:4-7

Altars:

Annotations:
D:4 Edmund


Innate Abilities, Weirdness & Mutations

You thrive by killing the living.
You are immune to poison.
You have sharp fingernails.
Your flesh is cold resistant. (rC+)
You are immune to negative energy. (rN+++)
You do not regenerate when monsters are visible.
You are immune to unholy pain and torment.
You can survive without breathing.


Message History

You feel much better. Edmund hits you with a +5 vorpal flail.
You feel very mighty all of a sudden. Edmund closely misses you.
You slash Edmund!
Edmund is lightly wounded.
Edmund hits you with a +5 vorpal flail.
You hit Edmund.
Edmund is moderately wounded.
Edmund hits you but does no damage.
You barely miss Edmund.
Edmund is moderately wounded.
Edmund barely misses you.
You hit Edmund but do no damage.
Edmund is moderately wounded.
Edmund hits you with a +5 vorpal flail.
You hit Edmund but do no damage.
Edmund is moderately wounded.
Edmund hits you with a +5 vorpal flail!
* * * LOW HITPOINT WARNING * * *
You die...

#=....... #.......
#...... #..... #....
...# #######..#
......@@)# ..######.##
......# .##......#
#......# .........#
#......# ###......#
#......# #....).#
#......#
##......#####......##
.........#............
......................


You could see Edmund.

Vanquished Creatures
  An adder (D:4)
  An ooze (D:1)
  2 dart slugs
  A leopard gecko (D:1)
  An orc (D:3)
  3 giant cockroaches
  3 goblins
  6 hobgoblins
  A quokka (D:4)
  5 bats
  2 frilled lizards (D:1)
  3 kobolds
  5 rats
34 creatures vanquished.

Notes
Turn   | Place    | Note
-------+----------+-------------------------------------------
     0 | D:1      | Borgoz the Ghoul Monk began the quest for the Orb.
     0 | D:1      | Reached XP level 1. HP: 19/19 MP: 0/0
   160 | D:1      | Reached XP level 2. HP: 24/26 MP: 1/1
   452 | D:1      | Reached XP level 3. HP: 31/31 MP: 2/2
  1567 | D:4      | Reached skill level 1 in Armour
  1658 | D:4      | Noticed Edmund
  1667 | D:4      | Slain by Edmund

Illustrated notes

Levels and vault maps discovered:
D:1:      grunt_arrival_crossed_arrows, layout_basic, minmay_pentomino_u2
D:2:      layout_loops_ring
D:3:      layout_basic, bloody_makhleb, minivault_4, amcnicky_altar_gilded
D:4:      layout_basic, uniq_menkaure, uniq_pikel, uniq_edmund

Skill      XL: |  1  2  3 |
---------------+----------+-----
Long Blades    | 3 |  3.3
Dodging        | 3 |  3.2
Armour         | 1 |  1.0
Fighting       | |  3.6
Stealth        | |  2.1

Action                   || total
-------------------------++-------
Melee: Falchion          ||   117
  Use: Scroll            ||     6
       Potion            ||     3
 Stab: Sleeping          ||     2
Armor: Robe              ||     3
       Ring mail         ||    29
Dodge: Dodged            ||    87
       Rpst.: Falchion   ||    21

Table legend: (Time is in decaauts)
 A = Elapsed time spent in this place.
 B = Non-inter-level travel time spent in this place.
 C = Inter-level travel time spent in this place.
 D = Time resting spent in this place.
 E = Time spent auto-exploring this place.
 F = Levels seen in this place.
 G = Mean time per level.
                   A        B        C        D        E       F      G
               +--------+--------+--------+--------+--------+-----+--------+
         Total |   1683 |   1643 |     40 |     71 |   1265 |   4 |  420.8 |
       Dungeon |   1683 |   1643 |     40 |     71 |   1265 |   4 |  420.8 |
               +--------+--------+--------+--------+--------+-----+--------+

Top non-repeatable levels by time:
     D:1: 981 daAuts
     D:2: 511 daAuts
     D:4: 138 daAuts
     D:3: 51 daAuts
